 Dungeon Crawl Stone Soup version 0.22-a0-404-g35e51767bf (webtiles) character file.

3167 Kriby the Scholar of Death (level 9, -1/67 HPs)
             Began as a Demonspawn Necromancer on May 8, 2018.
             Was a Follower of Kikubaaqudgha.
             Slain by an orc
             ... wielding a +0 flail
              (6 damage)
             ... on level 7 of the Dungeon.
             The game lasted 00:22:50 (13331 turns).

Kriby the Scholar of Death (DsNe)                  Turns: 13331, Time: 00:22:51

Health: -1/67      AC: 14    Str: 11    XL:     9   Next: 63%
Magic:  2/17       EV: 12    Int: 17    God:    Kikubaaqudgha [*.....]
Gold:   328        SH:  5    Dex: 14    Spells: 13/19 levels left

rFire    . . .     SeeInvis .   o - +0 club
rCold    . . .     Gourm    .   t - +0 buckler
rNeg     . . .     Faith    .   g - +0 leather armour
rPois    .         Spirit   .   u - +1 helmet
rElec    .         Reflect  .   q - +2 cloak {+Inv}
rCorr    .         Harm     .   (no gloves)
MR       .....     Clarity  +   (no boots)
Stlth    ++........             (no amulet)
HPRegen  1.21/turn              (no ring)
MPRegen  0.15/turn              (no ring)

@: about to teleport, sanguine armour
A: talons 2, blurry vision 1, clarity, demonic guardian 1, powered by death 1,
sanguine armour 1
a: Receive Corpses, Renounce Religion, Evoke Invisibility


You were on level 7 of the Dungeon.
You worshipped Kikubaaqudgha.
Kikubaaqudgha was aware of your devotion.
You were near starving.

You visited 2 branches of the dungeon, and saw 9 of its levels.

You collected 328 gold pieces.

Inventory:

Hand Weapons
 o - a +0 club (weapon)
 y - a +0 battleaxe of flaming
Missiles
 d - 11 javelins (quivered)
Armour
 a - a +0 robe
 g - a +0 leather armour (worn)
 p - a +0 shield
 q - a +2 cloak of invisibility (worn)
 r - a +0 ring mail
 t - a +0 buckler (worn)
 u - a +1 helmet (worn)
Magical Staves
 m - an uncursed staff of earth
Scrolls
 b - a scroll of teleportation
 f - 5 scrolls of remove curse
 i - 5 scrolls of identify
 j - a scroll of magic mapping
 k - 2 scrolls of enchant armour
 n - a scroll of random uselessness
Potions
 e - 4 potions of brilliance
 h - a potion of curing
 s - 2 potions of heal wounds
 v - a potion of agility
Comestibles
 c - 7 rations


   Skills:
 + Level 4.8 Fighting
 + Level 4.2 Maces & Flails
 - Level 1.7 Dodging
 - Level 1.7 Stealth
 - Level 4.0 Shields
 + Level 5.9 Spellcasting
 * Level 10.4 Necromancy


You had 13 spell levels left.
You knew the following spells:

 Your Spells              Type           Power        Failure   Level  Hunger
a - Pain                  Necr           ####         1%          1    None
b - Animate Skeleton      Necr           N/A          1%          1    None
c - Animate Dead          Necr           N/A          2%          4    ####...


Dungeon Overview and Level Annotations

Branches:
Dungeon (8/15)             Temple (1/1) D:5
   Lair: D:8-11

Altars:
Cheibriados
Dithmenos
Elyvilon
Fedhas
Gozag
Hepliaklqana
Kikubaaqudgha
Makhleb
Nemelex Xobeh
Okawaru
Qazlal
Ru
Sif Muna
Trog
Uskayaw
Vehumet
Wu Jian
Xom
Yredelemnul
Zin
The Shining One

Shops:
D:6 (


Innate Abilities, Weirdness & Mutations

You have razor-sharp toenails.
A weak demonic guardian rushes to your aid.
You regenerate a little health from kills.
When seriously injured, your bleeding wounds create armour. (AC +6)
Scrolls take you a little longer to read.
You possess an exceptional clarity of mind.


Message History

The jackal closely misses you. The bullfrog closely misses you.
You block the orc's attack.
Your ufetubus hits the vampire mosquito. x2
The vampire mosquito barely misses your ufetubus.
The jackal barely misses you.
The cyclops throws a large rock.
The large rock hits you!!
* * * LOW HITPOINT WARNING * * *
Okay, then.
The bullfrog barely misses you.
Your ufetubus closely misses the vampire mosquito.
Your ufetubus barely misses the vampire mosquito.
The vampire mosquito bites your ufetubus.
Your ufetubus dies!
The orc hits you but does no damage.
The jackal bites you but does no damage.
The bullfrog hits you but does no damage.
The jackal closely misses you. The bullfrog barely misses you.
The orc hits you with a flail.
You die...
Kikubaaqudgha rasps: "You have failed me!
Welcome... death!"

)...)..# #...#.#
....#..###.#...#........
#####.#....##.##........
.##.._...####.##....$C..
.##.#.##.# #.##........
.......#.####.##........
.#####.........#KlK.....
.###..........##ouy.....
...............#@#######
........###...##hFhh....
.###.#>........#hYr..)..
.# #.#.####....#........
.# #.#.#.......#.!......
.###.#.....#...#########
.........<.#...##.#
####.#.........##.#
#.#.....#..###.#


You could see a green ugly thing, a cyclops, a kobold demonologist, a vampire
mosquito, a sky beast, a big kobold, a bullfrog, an orc, a leopard gecko, a
quokka and 4 jackals.

Vanquished Creatures
  A hippogriff (D:8)
  A water moccasin (D:8)
  2 orc warriors
  2 ice beasts (D:6)
  A black bear (D:7)
  2 sky beasts (D:5)
  2 ogres
  3 bullfrogs
  2 scorpions
  A water moccasin skeleton (D:8)
  3 killer bees (D:8)
  4 wights (D:7)
  2 orc wizards
  A jelly (D:6)
  2 orc priests
  2 hounds
  3 iguanas (D:5)
  6 worker ants
  Robin (D:3)
  13 adders
  A shadow imp (D:7)
  An ooze (D:1)
  8 worms
  6 dart slugs
  6 leopard geckos
  11 orcs
  3 giant cockroaches
  12 goblins
  11 hobgoblins
  14 jackals
  4 kobolds
  4 quokkas
  2 bats
  6 frilled lizards
  A giant cockroach zombie (D:4)
  4 rats
148 creatures vanquished.

Vanquished Creatures (collateral kills)
  2 two-headed ogres (D:8)
  A sky beast (D:7)
  A bullfrog (D:7)
  2 howler monkeys (D:8)
  2 hounds
  A jelly (D:7)
  A hound skeleton (D:7)
  A shadow imp (D:8)
  An adder skeleton (D:5)
  A worm (D:2)
  2 orcs (D:8)
  A jackal (D:1)
  A frilled lizard (D:2)
17 creatures vanquished.

Vanquished Creatures (others)
  A bush (D:7)
1 creature vanquished.

Grand Total: 166 creatures vanquished

Notes
Turn   | Place    | Note
-------+----------+-------------------------------------------
     0 | D:1      | Kriby the Demonspawn Necromancer began the quest for the Orb.
     0 | D:1      | Reached XP level 1. HP: 13/13 MP: 3/3
   364 | D:1      | Gained mutation: You have sharp toenails. [demonic ancestry]
   364 | D:1      | Reached XP level 2. HP: 14/19 MP: 0/5
   369 | D:1      | Learned a level 1 spell: Animate Skeleton
  1144 | D:2      | Reached skill level 5 in Necromancy
  1262 | D:2      | Gained mutation: You have razor-sharp toenails. [demonic ancestry]
  1262 | D:2      | Reached XP level 3. HP: 18/24 MP: 1/6
  2195 | D:2      | Reached XP level 4. HP: 29/30 MP: 5/8
  3138 | D:3      | Noticed Robin
  3174 | D:3      | Killed Robin
  3174 | D:3      | Reached skill level 6 in Necromancy
  3469 | D:3      | Gained mutation: You regenerate a little health from kills. [demonic ancestry]
  3469 | D:3      | Reached XP level 5. HP: 5/35 MP: 4/9
  4982 | D:3      | Found a hide-covered altar of Uskayaw.
  5154 | D:4      | Reached skill level 7 in Necromancy
  5327 | D:4      | Reached XP level 6. HP: 39/41 MP: 7/11
  5333 | D:4      | Learned a level 4 spell: Animate Dead
  5587 | D:4      | Found an iron altar of Okawaru.
  5621 | D:4      | Found a hazy altar of Hepliaklqana.
  6931 | D:5      | Entered Level 5 of the Dungeon
  6954 | D:5      | Reached skill level 1 in Shields
  7249 | D:5      | Found a shadowy altar of Dithmenos.
  7250 | D:5      | Noticed a sky beast
  7275 | D:5      | Killed a sky beast
  7579 | D:5      | Reached skill level 1 in Fighting
  7579 | D:5      | Gained mutation: A weak demonic guardian rushes to your aid. [demonic ancestry]
  7579 | D:5      | Reached XP level 7. HP: 45/48 MP: 8/13
  7629 | D:5      | Reached skill level 1 in Maces & Flails
  8242 | D:5      | Found a staircase to the Ecumenical Temple.
  8436 | Temple   | Entered the Ecumenical Temple
  8664 | Temple   | Became a worshipper of Kikubaaqudgha
  8973 | D:6      | Reached skill level 8 in Necromancy
  9101 | D:6      | Found a burning altar of Makhleb.
  9112 | D:6      | Found Xusicepoc's Antique Weapon Shoppe.
  9260 | D:6      | Gained mutation: When seriously injured, your bleeding wounds create armour. (AC +6) [demonic ancestry]
  9260 | D:6      | Reached XP level 8. HP: 35/56 MP: 9/14
  9944 | D:7      | Gained mutation: Scrolls take you a little longer to read. [potion of mutation]
  9944 | D:7      | Gained mutation: You possess an exceptional clarity of mind. [potion of mutation]
 10546 | D:7      | Reached * piety under Kikubaaqudgha
 10546 | D:7      | Identified Kikubaaqudgha's Tome of Unholy Rituals (Kikubaaqudgha gifted it to you on level 7 of the Dungeon)
 10546 | D:7      | Received a gift from Kikubaaqudgha
 10782 | D:7      | Found a basalt altar of Yredelemnul.
 11139 | D:7      | Reached skill level 9 in Necromancy
 11367 | D:7      | Reached skill level 5 in Spellcasting
 11376 | D:7      | Identified a scroll of acquirement
 11745 | D:8      | Noticed a two-headed ogre
 11798 | D:8      | Noticed a hippogriff
 12038 | D:8      | Killed a hippogriff
 12038 | D:8      | Reached XP level 9. HP: 40/65 MP: 9/16
 12383 | D:8      | Killed a two-headed ogre
 12918 | D:8      | Reached skill level 10 in Necromancy
 13127 | D:8      | Noticed a two-headed ogre
 13139 | D:8      | Killed a two-headed ogre
 13195 | D:8      | Found an ornate altar of the Wu Jian Council.
 13326 | D:7      | Noticed a cyclops
 13326 | D:7      | Noticed a green ugly thing
 13326 | D:7      | Noticed a kobold demonologist
 13329 | D:7      | HP: 2/67 [cyclops/large rock (22)]
 13331 | D:7      | Slain by an orc

Vault maps used:
D:1:      matt_arrival_grand_opening, minmay_small_reverse_x
D:2:      first_ration
D:3:      lemuel_coloured_pillars_altar, due_unseen_surprise, uniq_robin
D:4:      lemuel_doored_altar, overflow_temple_1_default
D:5:      overflow_temple_1_default, minmay_temple_entry_enclosed_plants
D:6:      bloody_makhleb, serial_shops, nicolae_shop_statue_plus
D:7:      minmay_klotski, lemuel_crystal_altar
D:8:      marbit_many_paths
Temple:   regret_index_temple_generic_petals

Skill      XL: |  1  2  3  4  5  6  7  8  9 |
---------------+----------------------------+-----
Necromancy     | 5 6 7 8 9 10 | 10.4
Spellcasting   | 3 4 5 |  5.9
Shields        | 1 3 4 |  4.0
Fighting       | 1 2 3 4 |  4.8
Maces & Flails | 1 3 4 |  4.2
Dodging        | |  1.7
Stealth        | |  1.7

Action                   |  1- 3 |  4- 6 |  7- 9 || total
-------------------------+-------+-------+-------++-------
Melee: Unarmed           |    15 |       |       ||    15
       Kick              |     3 |    11 |    25 ||    39
       Club              |     7 |    67 |    98 ||   172
Throw: Javelin           |     5 |       |       ||     5
 Cast: Pain              |    56 |   190 |   199 ||   445
       Animate Skeleton  |     7 |    17 |     6 ||    30
       Animate Dead      |       |     4 |    15 ||    19
Evoke: Wand              |       |       |    14 ||    14
  Use: Potion            |       |     9 |     3 ||    12
       Scroll            |       |     8 |     5 ||    13
 Stab: Paralysed         |       |       |    29 ||    29
  Eat: Chunk             |     6 |    13 |     8 ||    27
       Ration            |       |     2 |     3 ||     5
Armor: Leather armour    |     9 |    42 |    56 ||   107
       Skin              |       |     8 |       ||     8
Dodge: Dodged            |    20 |   116 |   101 ||   237
Block: Buckler           |       |       |    20 ||    20

Table legend:
 A = Spawn XP
 B = Non-spawn XP
 C = Spawn XP percentage of total XP
 D = Spawn monster count
 E = Non-spawn monster count
 F = Spawn count percentage of total count
 G = Total turns spent on level
                    A         B        C        D         E        F      G
               +---------+---------+-------+---------+---------+-------+---------
         Total |       0 |    4525 |   0.0 |       0 |     165 |   0.0 | 13331
               +---------+---------+-------+---------+---------+-------+---------
           D:1 |       0 |      22 |   0.0 |       0 |      11 |   0.0 |  1132
           D:2 |       0 |     109 |   0.0 |       0 |      23 |   0.0 |  1759
           D:3 |       0 |     140 |   0.0 |       0 |      39 |   0.0 |  2641
           D:4 |       0 |     196 |   0.0 |       0 |      15 |   0.0 |  1448
           D:5 |       0 |     545 |   0.0 |       0 |      18 |   0.0 |  1572
           D:6 |       0 |     469 |   0.0 |       0 |      12 |   0.0 |  1074
           D:7 |       0 |    1024 |   0.0 |       0 |      26 |   0.0 |  1997
           D:8 |       0 |    2020 |   0.0 |       0 |      21 |   0.0 |  1438
               +---------+---------+-------+---------+---------+-------+---------
